 Dungeon Crawl Stone Soup version 0.25-a0-834-g55863b0b92 (webtiles) character file.

Game seed: 3724841673474194735, levelgen mode: deterministic

35910 Nixze the Earth Mage (level 13, -3/82 HPs)
             Began as a Gargoyle Earth Elementalist on Apr 23, 2020.
             Was an Elder of Vehumet.
             Slain by a dire elephant (22 damage)
             ... on level 6 of the Lair of Beasts.
             The game lasted 00:46:01 (25607 turns).

Nixze the Earth Mage (Gargoyle Earth Elementalist) Turns: 25607, Time: 00:46:02

Health: -3/82      AC: 24    Str: 13    XL:     13   Next: 86%
Magic:  21/34      EV:  9    Int: 20    God:    Vehumet [****..]
Gold:   327        SH:  4    Dex: 10    Spells: 14/29 levels left

rFire    x . .     SeeInvis .   C - +3 morningstar
rCold    + + +     Gourm    .   K - +0 buckler
rNeg     + . .     Faith    .   O - +0 ice dragon scales
rPois    ∞         Spirit   .   n - +0 helmet
rElec    +         Reflect  .   G - +2 cloak {+Inv}
rCorr    .         Harm     .   (no gloves)
MR       .....                  (no boots)
Stlth    ..........             h - amulet of regeneration
HPRegen  0.63/turn              W - ring of protection from cold
MPRegen  0.24/turn              H - ring of magical power

@: hasted, very quick
A: negative energy resistance 1, electricity resistance, unbreathing,
petrification resistance, rot immunity, AC +9
a: Renounce Religion, Evoke Invisibility


You were on level 6 of the Lair of Beasts.
You worshipped Vehumet.
Vehumet was greatly pleased with you.
You were not hungry.

You visited 3 branches of the dungeon, and saw 18 of its levels.

You collected 1080 gold pieces.
You spent 753 gold pieces at shops.

Inventory:

Hand Weapons
 i - a +1 flail of protection
 p - a +2 vorpal mace
 C - a +3 morningstar (weapon)
Missiles
 b - 346 stones (quivered)
 m - 2 curare-tipped darts
 u - 2 throwing nets
Armour
 n - a +0 helmet (worn)
 w - a +3 ring mail
 G - a +2 cloak of invisibility (worn)
 K - a +0 buckler (worn)
 O - +0 ice dragon scales (worn)
Jewellery
 h - an amulet of regeneration (around neck)
 q - an uncursed ring of see invisible
 F - an uncursed ring of ice
 H - a ring of magical power (right hand)
 Q - an uncursed ring of positive energy
 W - a ring of protection from cold (left hand)
Wands
 x - a wand of iceblast (26)
 B - a wand of acid (7)
 E - a wand of polymorph (8)
 N - a wand of flame (104)
 Z - a wand of random effects (18)
Scrolls
 a - 2 scrolls of identify
 e - 4 scrolls of enchant weapon
 k - 2 scrolls of fear
 s - 8 scrolls of remove curse
 y - 8 scrolls of teleportation
 A - 3 scrolls of magic mapping
 J - a scroll of noise {unknown}
 L - 2 scrolls of blinking
 M - a scroll of torment
 P - a scroll of brand weapon {unknown}
 T - a scroll of immolation
 U - 2 scrolls of amnesia
 V - a scroll of vulnerability {unknown}
Potions
 f - 4 potions of cancellation
 g - 2 potions of flight
 j - 4 potions of lignification
 l - 5 potions of might
 o - 11 potions of curing
 r - 5 potions of mutation
 t - 3 potions of magic
 z - 2 potions of berserk rage
 D - 4 potions of ambrosia
 X - 2 potions of stabbing
Comestibles
 d - 34 rations


   Skills:
 + Level 10.1 Fighting
 + Level 9.2 Maces & Flails
 - Level 4.4 Armour
 - Level 1.5 Dodging
 - Level 2.1 Stealth
 - Level 4.0 Shields
 + Level 8.9 Spellcasting
 + Level 10.0 Conjurations
 - Level 0.7 Transmutations
 * Level 15.7 Earth Magic


You had 14 spell levels left.
You knew the following spells:

 Your Spells              Type           Power        Failure   Level  Hunger
a - Sandblast             Erth           ######       1%          1    None
b - Passwall              Tmut/Erth      #####...     2%          2    None
c - Stone Arrow           Conj/Erth      ######       1%          3    None
d - Lee's Rapid Deconstr  Erth           ######....   1%          5    #####..
e - Petrify               Tmut/Erth      #####...     16%         4    ###....

Your spell library contained the following spells:

 Spells                   Type           Power        Failure   Level  Hunger
 Airstrike                Air            #.........   71%         4    ###....
 Magic Dart               Conj           ####         1%          1    None
 Conjure Flame            Conj/Fire      ####....     4%          3    None
 Dazzling Flash           Conj/Hex       ####..       4%          3    None
 Mephitic Cloud           Conj/Pois/Air  ###.....     10%         3    None
 Corona                   Hex            #......      41%         1    None
 Summon Small Mammal      Summ           #...         41%         1    None
 Blink                    Tloc           N/A          56%         2    None
 Call Imp                 Summ           #.......     56%         2    None
 Ensorcelled Hibernation  Hex/Ice        #.....       56%         2    None
 Slow                     Hex            #.......     56%         2    None
 Call Canine Familiar     Summ           #.......     80%         3    None
 Confusing Touch          Hex            #.......     80%         3    None
 Summon Guardian Golem    Hex/Summ       #.......     80%         3    None
 Tukima's Dance           Hex            #.......     80%         3    None
 Summon Ice Beast         Ice/Summ       #.......     99%         4    ###....
 Summon Lightning Spire   Summ/Air       #.......     99%         4    ###....


Dungeon Overview and Level Annotations

Branches:
Dungeon (11/15)            Temple (1/1) D:7            Lair (6/6) D:11
 Shoals (0/4) Lair:2        Snake (0/4) Lair:4        Slime (0/5) Lair:6
    Orc (0/2) D:10

Altars:
Ashenzari
Cheibriados
Dithmenos
Elyvilon
Gozag
Hepliaklqana
Kikubaaqudgha
Makhleb
Nemelex Xobeh
Okawaru
Ru
Sif Muna
Trog
Uskayaw
Vehumet
Wu Jian
Xom

Shops:
D:4 ??=*   D:8 :(((


Innate Abilities, Weirdness & Mutations

You are resistant to torment.
Your stone body is resilient. (AC +9)
You are immune to poison.
You resist negative energy. (rN+)
You are resistant to electric shocks. (rElec)
You can survive without breathing.
You are immune to petrification.
You are immune to rotting.


Message History

Aim: a dire elephant (severely wounded)
The blast of sand hits the dire elephant.
The dire elephant is severely wounded.
b - 346 stones The dire elephant tramples you!
* * * LOW HITPOINT WARNING * * *
You hold your ground!
The dire elephant trunk-slaps you but does no damage.
You feel yourself speed up. The dire elephant misses you.
The dire elephant trunk-slaps you but does no damage.
You hit the dire elephant but do no damage.
The dire elephant is severely wounded.
The dire elephant tramples you but does no damage.
You block the dire elephant's attack.
You hit the dire elephant.
The dire elephant is almost dead.
You hit the dire elephant but do no damage.
The dire elephant is almost dead.
The dire elephant tramples you!!
You die...

..## #...## .# .P.#
#....##.# #..##
.###.....#.# ##..###
...........## ##.P.###
÷..........P#
#.....###.÷...###....##
##......#######....P..#
##♣.÷.......P.Y##P.###
#........♣.@## ###
#######.P.P## ######


You could see a dire elephant.

Vanquished Creatures
  4 hydras
  A catoblepas (Lair:6)
  An ice dragon (Lair:1)
  A centaur warrior (D:10)
  2 two-headed ogres
  3 death yaks (Lair:6)
  Pikel (D:6)
  3 elephants (Lair:6)
  Maurice (D:10)
  5 black mambas
  4 spiny frogs
  An eye of devastation (Lair:6)
  2 gargoyles (D:10)
  2 kobold demonologists (D:11)
  2 rime drakes
  2 komodo dragons
  2 trolls
  2 polar bears
  Prince Ribbit (D:6)
  Grinder (D:5)
  9 blink frogs
  6 hippogriffs
  3 shadows (D:11)
  A vampire (D:10)
  2 wraiths (D:11)
  21 yaks
  4 wyverns
  2 basilisks
  A hungry ghost (D:9)
  Menkaure (D:5)
  7 porcupines
  19 water moccasins
  2 orc warriors (D:9)
  A phantom (D:6)
  6 sky beasts
  4 slaves
  A necrophage (D:10)
  6 ice beasts
  2 eyes of draining
  A black bear (D:7)
  9 centaurs
  5 ogres
  22 wolves
  5 crocodiles
  Blork the orc (D:5)
  4 big kobolds
  9 bullfrogs
  5 scorpions
  16 killer bees
  4 wights (D:9)
  A bullfrog zombie (D:8)
  4 electric eels
  4 howler monkeys
  4 crimson imps
  4 centaur zombies
  3 hounds
  Crazy Yiuf (D:5)
  5 iguanas
  3 jellies
  3 orc priests
  4 orc wizards
  A bullfrog skeleton (D:10)
  Natasha (thrice) (D:2)
  10 worker ants
  3 worker ant zombies
  2 howler monkey zombies
  10 adders
  11 gnolls
  A howler monkey skeleton (D:5)
  2 shadow imps
  3 oozes
  4 adder zombies
  An adder skeleton (D:9)
  2 dart slugs (D:1)
  2 worms
  5 leopard geckos
  22 orcs
  6 ball pythons
  10 bats
  5 giant cockroaches
  4 goblins
  5 hobgoblins
  13 jackals
  4 quokkas
  9 frilled lizards
  A jackal skeleton (D:4)
  18 kobolds
  A leopard gecko skeleton (D:5)
  A leopard gecko zombie (D:6)
  2 quokka skeletons
  A quokka zombie (D:5)
  5 rats
423 creatures vanquished.

Vanquished Creatures (others)
  A bush (Lair:6)
  18 fungi
  26 plants
45 creatures vanquished.

Grand Total: 468 creatures vanquished

Notes
Turn   | Place    | Note
-------+----------+-------------------------------------------
     0 | D:1      | Nixze the Gargoyle Earth Elementalist began the quest for
                  | the Orb.
     0 | D:1      | Reached XP level 1. HP: 10/10 MP: 3/3
   163 | D:1      | Reached skill level 4 in Earth Magic
   192 | D:1      | Reached XP level 2. HP: 8/15 MP: 3/5
   667 | D:1      | Reached XP level 3. HP: 19/19 MP: 6/6
   828 | D:1      | Reached skill level 5 in Earth Magic
  1416 | D:2      | Found a snail-covered altar of Cheibriados.
  1416 | D:2      | Found a white marble altar of Elyvilon.
  1419 | D:2      | Found a hazy altar of Hepliaklqana.
  1776 | D:2      | Reached XP level 4. HP: 24/24 MP: 7/7
  1780 | D:2      | Found a bloodstained altar of Trog.
  2651 | D:3      | Reached skill level 6 in Earth Magic
  2957 | D:3      | Learned a level 2 spell: Passwall
  2965 | D:3      | Learned a level 3 spell: Stone Arrow
  2988 | D:3      | Noticed Natasha
  3006 | D:2      | Killed Natasha
  3006 | D:2      | Reached skill level 1 in Fighting
  3006 | D:2      | Reached XP level 5. HP: 29/29 MP: 1/8
  3133 | D:2      | Noticed Natasha
  3138 | D:2      | Killed Natasha
  3138 | D:2      | Reached skill level 1 in Maces & Flails
  3262 | D:2      | Found a snail-covered altar of Cheibriados.
  3262 | D:2      | Found a white marble altar of Elyvilon.
  3263 | D:2      | Found a hazy altar of Hepliaklqana.
  3436 | D:2      | Found a bloodstained altar of Trog.
  3777 | D:2      | Found a bloodstained altar of Trog.
  4021 | D:2      | Noticed Natasha
  4026 | D:2      | Killed Natasha
  4182 | D:2      | Found a snail-covered altar of Cheibriados.
  4182 | D:2      | Found a white marble altar of Elyvilon.
  4183 | D:2      | Found a hazy altar of Hepliaklqana.
  4567 | D:3      | Reached skill level 1 in Conjurations
  4924 | D:3      | Found a sparkling altar of Nemelex Xobeh.
  5443 | D:4      | Reached XP level 6. HP: 34/34 MP: 5/9
  5485 | D:4      | Found Cech's Magic Scroll Shop.
  5640 | D:4      | Bought a scroll of remove curse for 39 gold pieces
  5640 | D:4      | Bought a scroll of fear for 45 gold pieces
  5640 | D:4      | Bought a scroll of teleportation for 39 gold pieces
  5640 | D:4      | Bought a scroll of magic mapping for 45 gold pieces
  6000 | D:4      | Found Veitifeb's Jewellery Shop.
  6090 | D:4      | Found Diut's Assorted Antiques.
  6172 | D:4      | Found Fisuxkar's Magic Scroll Boutique.
  6209 | D:4      | Reached skill level 1 in Armour
  6209 | D:4      | Reached skill level 7 in Earth Magic
  6295 | D:4      | Found a sparkling altar of Nemelex Xobeh.
  6408 | D:4      | Reached XP level 7. HP: 40/40 MP: 0/11
  6577 | D:5      | Entered Level 5 of the Dungeon
  6585 | D:5      | Noticed Blork the orc
  6656 | D:5      | Killed Blork the orc
  6819 | D:5      | Found an ornate altar of the Wu Jian Council.
  7011 | D:5      | Found an ancient bone altar of Kikubaaqudgha.
  7070 | D:5      | Reached XP level 8. HP: 39/46 MP: 2/13
  7227 | D:5      | Reached skill level 8 in Earth Magic
  7469 | D:5      | Found a sacrificial altar of Ru.
  7485 | D:5      | Found an opulent altar of Gozag.
  7567 | D:5      | Found an iron altar of Okawaru.
  7727 | D:5      | Noticed Grinder
  7731 | D:5      | Killed Grinder
  7994 | D:5      | Found a runed translucent door.
  7995 | D:5      | Noticed Crazy Yiuf
  8132 | D:5      | Learned a level 5 spell: Lee's Rapid Deconstruction
  8390 | D:5      | Killed Crazy Yiuf
  8549 | D:6      | Noticed Pikel
  8603 | D:6      | Found a shattered altar of Ashenzari.
  8628 | D:6      | Noticed Prince Ribbit
  8628 | D:6      | Noticed Menkaure
  9047 | D:6      | Reached skill level 9 in Earth Magic
  9047 | D:6      | Reached XP level 9. HP: 52/52 MP: 8/15
  9052 | D:6      | Killed Prince Ribbit
  9109 | D:5      | Killed Menkaure
  9457 | D:6      | Killed Pikel
  9755 | D:6      | Found a shimmering blue altar of Sif Muna.
 10254 | D:7      | Reached skill level 5 in Fighting
 10559 | D:7      | Found a staircase to the Ecumenical Temple.
 10631 | Temple   | Entered the Ecumenical Temple
 10696 | Temple   | Became a worshipper of Vehumet
 10794 | D:7      | Reached skill level 10 in Earth Magic
 10984 | D:7      | Found a burning altar of Makhleb.
 11206 | D:8      | Reached skill level 1 in Shields
 11456 | D:8      | Reached skill level 5 in Spellcasting
 11456 | D:8      | Reached skill level 5 in Conjurations
 11463 | D:8      | Reached XP level 10. HP: 56/59 MP: 0/17
 11601 | D:8      | Found Olimi's Antique Weapon Boutique.
 11883 | D:4      | Bought an uncursed ring of magical power for 260 gold
                  | pieces
 11971 | D:8      | Reached skill level 5 in Maces & Flails
 12041 | D:8      | Found Ujepnir's Book Emporium.
 12057 | D:8      | Learned a level 4 spell: Petrify
 12093 | D:8      | Found Xitaa's Weapon Emporium.
 12229 | D:8      | Found Niezox's Weapon Shop.
 12252 | D:8      | Reached * piety under Vehumet
 12252 | D:8      | Offered knowledge of Foxfire by Vehumet.
 12655 | D:8      | Got an ichor-stained leather armour
 12666 | D:8      | Identified the +1 leather armour "Tyttoco" {MP+9 Int-4
                  | Dex+2 Stlth+} (You found it on level 8 of the Dungeon)
 13296 | D:9      | Reached skill level 11 in Earth Magic
 13682 | D:9      | Noticed a two-headed ogre
 13687 | D:9      | Killed a two-headed ogre
 14243 | D:9      | Reached ** piety under Vehumet
 14243 | D:9      | Offered knowledge of Magic Dart by Vehumet.
 14243 | D:9      | Reached XP level 11. HP: 66/66 MP: 19/19
 14611 | D:10     | Entered Level 10 of the Dungeon
 14679 | D:10     | Reached skill level 12 in Earth Magic
 15094 | D:10     | Noticed Maurice
 15115 | D:10     | Killed Maurice
 15253 | D:10     | Offered knowledge of Static Discharge by Vehumet.
 15352 | D:10     | Noticed a centaur warrior
 15359 | D:10     | Killed a centaur warrior
 15850 | D:10     | Found a staircase to the Orcish Mines.
 16033 | D:10     | Found a shadowy altar of Dithmenos.
 16248 | D:11     | Noticed a two-headed ogre
 16265 | D:11     | Killed a two-headed ogre
 16479 | D:11     | Reached *** piety under Vehumet
 16484 | D:11     | Reached skill level 13 in Earth Magic
 16726 | D:11     | Found a staircase to the Lair.
 16755 | D:11     | Reached XP level 12. HP: 70/73 MP: 8/22
 17078 | D:11     | Found a shattered altar of Ashenzari.
 17129 | D:11     | Noticed a seven-headed hydra
 17135 | D:11     | Killed a seven-headed hydra
 17273 | D:11     | Noticed an eight-headed hydra
 17278 | D:11     | Killed an eight-headed hydra
 17680 | Lair:1   | Entered Level 1 of the Lair of Beasts
 17910 | Lair:1   | Offered knowledge of Ignite Poison by Vehumet.
 18606 | Lair:1   | Noticed an ice dragon
 19114 | Lair:2   | Reached skill level 14 in Earth Magic
 19843 | Lair:2   | Reached **** piety under Vehumet
 19875 | Lair:2   | Found a staircase to the Shoals.
 20017 | Lair:2   | Offered knowledge of Airstrike by Vehumet.
 20553 | Lair:3   | Noticed a four-headed hydra
 20562 | Lair:3   | Killed a four-headed hydra
 20666 | Lair:3   | Reached XP level 13. HP: 80/80 MP: 25/25
 21935 | D:4      | Bought an uncursed ring of protection from cold for 325
                  | gold pieces
 22204 | Lair:1   | Killed an ice dragon
 22960 | Lair:4   | Reached skill level 15 in Earth Magic
 23215 | Lair:4   | Found a staircase to the Snake Pit.
 24444 | Lair:6   | Entered Level 6 of the Lair of Beasts
 24593 | Lair:6   | Found a staircase to the Slime Pits.
 25318 | Lair:6   | Reached skill level 10 in Fighting
 25405 | Lair:6   | Reached skill level 10 in Conjurations
 25585 | Lair:6   | Noticed a dire elephant
 25607 | Lair:6   | Slain by a dire elephant

Levels and vault maps discovered:
D:1:      onia_arrival_mini_spirals, layout_basic
D:2:      layout_loops_corners, nicolae_overflow_crystal_walls,
          gammafunk_temple_overflow_claw
D:3:      layout_basic, nemelex_dance_club_becter, uniq_natasha
D:4:      layout_rooms, nemelex_altar_shiori, first_ration, serial_shops,
          kennysheep_mini, nicolae_shop_behind_doors, shop, shop
D:5:      layout_gridville, old_standard_altar, nicolae_ru_awakened_eye,
          kiku_gazebo_pond_becter, lemuel_round_altar,
          okawaru_ov_weapons_minmay, uniq_grinder, uniq_blork_the_orc,
          uniq_crazy_yiuf_cottage
D:6:      layout_loops_cross, ashenzari_conservatory_becter, marbit_many_paths,
          uniq_pikel, uniq_menkaure, uniq_prince_ribbit1
D:7:      layout_layer_cave, lemuel_doored_altar, minmay_temple_entry_wispy,
          hangedman_abyss_or_decor_passed
D:8:      layout_loops_ring, serial_shops, shop, shop, nicolae_shop_crystal,
          nicolae_shop_waterfront, blue_anna_alchemist [blue_anna_fruit_fields,
          blue_anna_fruit_fields], st_stairs_5, nrook_campfire
D:9:      layout_long_grid
D:10:     layout_loops_ring, orc_0_dummy, grunt_dithmenos_smoke_and_mirrors,
          uniq_maurice
D:11:     layout_basic, david_lair_shrubbed, evilmike_ruin_ashenzari
Temple:   nicolae_temple_figure_zero
Lair:1:   dragon1_lemuel, layout_long_grid
Lair:2:   layout_roguey, minmay_shoals_entry_centaurs, serial_bayou_shore_b,
          lemuel_fruit_fields
Lair:3:   layout_cave_pods, serial_bayou_lake_a
Lair:4:   layout_hall_layers, minmay_snake_entry_six_corridors,
          lemuel_fruit_fields, grunt_megastairs_5, serial_bayou_shore_a,
          lemuel_fruit_fields, lemuel_fruit_tree
Lair:5:   layout_gridlike, serial_bayou_pond_e, st_stairs_10
Lair:6:   grunt_lair_end_beastmaster, layout_loops_ring,
          minmay_slime_entry_eyes, grunt_forest_stairs_basic

Skill      XL: |  1  2  3  4  5  6  7  8  9 10 11 12 13 |
---------------+----------------------------------------+-----
Earth Magic    | 4 5 6 7 9 10 11 13 14 15 | 15.7
Fighting       | 1 2 3 4 5 6 7 9 10 | 10.1
Maces & Flails | 1 2 3 4 5 7 8 9 |  9.2
Conjurations   | 1 2 3 5 6 7 9 10 | 10.0
Armour         | 1 2 3 4 |  4.4
Spellcasting   | 3 4 5 6 8 |  8.9
Shields        | 1 3 4 |  4.0
Dodging        | |  1.5
Stealth        | |  2.1
Transmutations | |  0.7

Action                   |  1- 3 |  4- 6 |  7- 9 | 10-12 | 13-15 || total
-------------------------+-------+-------+-------+-------+-------++-------
Melee: Spear             |    35 |       |       |       |       ||    35
       Unarmed           |     1 |       |       |       |       ||     1
       Short sword       |    73 |     4 |       |       |       ||    77
       Mace              |       |    66 |       |       |       ||    66
       Morningstar       |       |       |    76 |    79 |    21 ||   176
Throw: Stone             |     1 |       |     2 |       |       ||     3
 Cast: Sandblast         |     5 |    15 |    19 |    62 |    50 ||   151
       Stone Arrow       |       |    27 |   107 |   340 |   185 ||   659
       Lee's Rapid Decon |       |       |     1 |     6 |     5 ||    12
       Petrify           |       |       |       |     5 |       ||     5
Evoke: Wand              |       |       |     2 |       |       ||     2
  Use: Scroll            |       |     7 |     3 |     3 |     7 ||    20
       Potion            |       |       |       |     1 |     1 ||     2
 Stab: Sleeping          |     4 |     2 |       |       |       ||     6
       Petrified         |       |       |       |     2 |       ||     2
  Eat: Chunk             |     3 |    14 |    20 |    34 |    14 ||    85
       Ration            |       |     1 |     1 |     1 |     1 ||     4
Armor: Robe              |    43 |    32 |    62 |    18 |       ||   155
       Ring mail         |       |       |       |   126 |    33 ||   159
       Ice dragon scales |       |       |       |       |    67 ||    67
Dodge: Dodged            |    79 |    72 |    87 |   122 |    58 ||   418
Block: Buckler           |       |       |     5 |    58 |    18 ||    81

Table legend:
 A = Non-vault XP
 B = Vault XP
 C = Vault XP percentage of total XP
 D = Non-vault monster count
 E = Vault monster count
 F = Vault count percentage of total count
                 A         B        C        D         E       F
            +---------+---------+-------+---------+---------+-------
      Total |   38791 |   12510 |  24.4 |     367 |      52 |  12.4
            +---------+---------+-------+---------+---------+-------
        D:1 |      38 |       0 |   0.0 |      20 |       0 |   0.0
        D:2 |     147 |      35 |  19.2 |      25 |       1 |   3.8
        D:3 |      79 |      10 |  11.2 |      19 |       2 |   9.5
        D:4 |     313 |       0 |   0.0 |      17 |       0 |   0.0
        D:5 |     945 |     586 |  38.3 |      26 |       4 |  13.3
        D:6 |     465 |     912 |  66.2 |      16 |       2 |  11.1
        D:7 |     587 |       0 |   0.0 |      18 |       0 |   0.0
        D:8 |    1550 |     240 |  13.4 |      28 |       5 |  15.2
        D:9 |    3458 |       0 |   0.0 |      36 |       0 |   0.0
       D:10 |    5426 |     472 |   8.0 |      38 |       1 |   2.6
       D:11 |    6763 |     355 |   5.0 |      36 |       1 |   2.7
     Lair:1 |    3264 |     944 |  22.4 |      17 |       1 |   5.6
     Lair:2 |    4317 |     444 |   9.3 |      22 |       4 |  15.4
     Lair:3 |    4769 |       0 |   0.0 |      20 |       0 |   0.0
     Lair:4 |    2095 |    1808 |  46.3 |       8 |      14 |  63.6
     Lair:5 |    2087 |       0 |   0.0 |       8 |       0 |   0.0
     Lair:6 |    2488 |    6704 |  72.9 |      13 |      17 |  56.7
            +---------+---------+-------+---------+---------+-------
